 Dungeon Crawl Stone Soup version 0.26-b1-32-g5d43845318 (webtiles) character file.

Game seed: 4535024641513897310

20721 Arum the Fighter (level 13, -1/111 HPs)
             Began as a Formicid Fighter on Jan 11, 2021.
             Was a High Priest of Okawaru.
             Slain by a slime creature (9 damage)
             ... on level 12 of the Dungeon.
             The game lasted 00:23:02 (14618 turns).

Arum the Fighter (Formicid Fighter)                Turns: 14618, Time: 00:23:02

Health: -1/111     AC: 14    Str: 22    XL:     13   Next: 14%
Magic:  14/14      EV: 11    Int:  8    God:    Okawaru [*****.]
Gold:   1512       SH: 18    Dex: 14    Spells: 12/12 levels left

rFire    + . .     SeeInvis +   x - +4 quarterstaff (chaos)
rCold    + + .     Faith    .   c - +1 kite shield
rNeg     . . .     Spirit   .   p - +0 swamp dragon scales
rPois    +         Reflect  +   (helmet unavailable)
rElec    +         Harm     .   y - +0 cloak
rCorr    +         Rampage  .   F - +0 pair of gloves
Will     +....                  I - +0 pair of boots
Stlth    +.........             E - amulet of reflection
HPRegen  0.28/turn              u - ring of resist corrosion
MPRegen  0.14/turn              B - ring of protection from cold

@: resistant
A: permanent stasis, dig shafts and tunnels, four strong arms, antennae 3,
talons 1, high mp 1
a: Dig, Shaft Self, Renounce Religion, Heroism, Finesse


You were on level 12 of the Dungeon.
You worshipped Okawaru.
Okawaru was extremely pleased with you.
You visited 2 branches of the dungeon, and saw 14 of its levels.
You also visited: Bailey.

You collected 1512 gold pieces.

Inventory:

Hand Weapons
 a - a +0 quarterstaff
 l - a +2 quarterstaff of draining
 x - a +4 quarterstaff of chaos (weapon)
Missiles
 v - 5 javelins
 w - 7 throwing nets
Armour
 c - a +1 kite shield (worn)
 p - +0 swamp dragon scales (worn)
 y - a +0 cloak (worn)
 F - a +0 pair of gloves (worn)
 I - a +0 pair of boots (worn)
Jewellery
 k - an uncursed ring of wizardry
 u - a ring of resist corrosion (left hand)
 B - a ring of protection from cold (right hand)
 E - an amulet of reflection (around neck)
 K - an uncursed ring of willpower {unknown}
Wands
 b - a wand of random effects (17)
 f - a wand of acid (17)
 t - a wand of paralysis (4)
 A - a wand of iceblast (59)
 H - a wand of enslavement (6)
Scrolls
 e - 2 scrolls of immolation
 i - 3 scrolls of enchant weapon
 j - 10 scrolls of identify
 n - 3 scrolls of amnesia
 o - 5 scrolls of fog
 q - 9 scrolls of remove curse
 s - a scroll of noise
 C - 4 scrolls of enchant armour
 D - 4 scrolls of fear
 G - 2 scrolls of magic mapping
 L - a scroll of random uselessness {unknown}
Potions
 d - 4 potions of might
 g - a potion of resistance
 m - 4 potions of brilliance
 r - a potion of lignification
 J - a potion of flight
 M - a potion of attraction
Miscellaneous
 h - a tin of tremorstones (2/2)


   Skills:
 + Level 13.2 Fighting
 + Level 12.3 Staves
 + Level 10.9 Armour
 - Level 1.8 Dodging
 - Level 0.2 Stealth
 - Level 9.0 Shields


You had 12 spell levels left.
You didn't know any spells.
Your spell library contained the following spells:

 Spells                   Type           Power        Failure   Level
 Magic Dart               Conj           0%           54%         1
 Searing Ray              Conj           0%           67%         2
 Dazzling Flash           Conj/Hex       0%           88%         3
 Fulminant Prism          Conj/Hex       0%           99%         4
 Iskenderun's Mystic Bla  Conj/Tloc      0%           99%         4


Dungeon Overview and Level Annotations

Branches:
Dungeon (13/15)            Temple (1/1) D:5            Lair (0/6) D:9
    Orc (0/2) D:12         Bailey (visited)
 Vaults: D:13-14

Altars:
Ashenzari
Cheibriados
Dithmenos
Elyvilon
Fedhas
Gozag
Hepliaklqana
Kikubaaqudgha
Makhleb
Nemelex Xobeh
Okawaru
Qazlal
Ru
Sif Muna
Trog
Uskayaw
Vehumet
Wu Jian
Xom
Yredelemnul
Zin
The Shining One
Beogh

Shops:
D:5 :


Innate Abilities, Weirdness & Mutations

You cannot be hasted, slowed, berserked, paralysed or teleported.
You can dig through walls and to a lower floor.
Your four strong arms can wield two-handed weapons with a shield.
You have a pair of large antennae on your head. (SInv)
You have sharp toenails.
You have an increased reservoir of magic. (+10% MP)


Message History

You hit the slime creature.
The slime creature suddenly seems more agile.
The slime creature is lightly wounded.
You block the slime creature's attack. The slime creature barely misses you.
The slime creature hits you!!
* * * LOW HITPOINT WARNING * * *
There is a stone staircase leading up, spattered with blood here.
Unknown command.
The slime creature hits you!!
* * * LOW HITPOINT WARNING * * *
You block the slime creature's attack. The slime creature hits you!
* * * LOW HITPOINT WARNING * * *
You climb upwards.
There is a stone staircase leading down here.
Unknown command.
Unknown command.
It was a potion of resistance.
You feel protected. The slime creature closely misses you.
The slime creature hits you!
You die...

####### ######
#.....# #....#
#..JJ.#######....###
##).@........+...).).
#.##.#########...)###
####.#### #....#
#....# ###)...#
#.##.# #...####
#.##.####.#.####
#.##...#.......#
#.####.##......#
####.####.#.......###


You could see 2 slime creatures.

Vanquished Creatures
  A fire dragon (D:12)
  4 two-headed ogres
  2 centaur warriors (D:13)
  An unseen horror (D:11)
  A deep troll (shapeshifter) (D:13)
  A deep elf mage (D:13)
  2 ugly things
  A manticore (D:13)
  Maggie (D:8)
  2 kobold demonologists (D:12)
  3 trolls
  A hornet (D:8)
  3 shadows
  4 wraiths
  A wyvern (D:11)
  15 yaks
  A steam dragon (D:11)
  Grum (D:9)
  A soldier ant (D:11)
  A water moccasin (D:11)
  2 ice beasts (D:13)
  6 orc warriors
  2 eyes of draining
  A black bear (D:9)
  4 sky beasts
  2 ogres
  2 wolves (D:9)
  A necrophage (D:8)
  7 centaurs
  2 big kobolds
  6 bullfrogs
  8 gnoll sergeants (Bailey)
  5 scorpions
  10 killer bees
  20 wights
  A crimson imp (D:5)
  2 bullfrog zombies
  5 centaur zombies
  2 quasits
  7 hounds
  9 orc priests
  9 jellies
  6 gnoll shamans (Bailey)
  Crazy Yiuf (D:3)
  Jessica (D:3)
  4 iguanas
  14 orc wizards
  5 worker ants
  A killer bee zombie (D:8)
  A hound skeleton (D:9)
  19 gnolls
  2 howler monkey skeletons (D:6)
  11 adders
  A shadow imp (D:8)
  5 white imps
  4 ufetubi
  2 oozes
  An adder zombie (D:6)
  An adder skeleton (D:4)
  3 worms
  2 dart slugs (D:2)
  7 leopard geckos
  48 orcs
  3 ball pythons
  6 giant cockroaches
  10 hobgoblins
  18 jackals
  6 quokkas
  7 bats
  3 frilled lizards
  11 goblins
  12 kobolds
  A leopard gecko zombie (D:6)
  A quokka skeleton (D:5)
  A quokka zombie (D:8)
  2 rats
380 creatures vanquished.

Vanquished Creatures (collateral kills)
  A centaur (D:13)
  A bullfrog (D:13)
  2 gnolls (Bailey)
4 creatures vanquished.

Vanquished Creatures (others)
  A slime creature (D:13)
  A kobold (D:12)
  3 fungi (D:9)
  17 plants
22 creatures vanquished.

Grand Total: 406 creatures vanquished

Notes
Turn   | Place    | Note
-------+----------+-------------------------------------------
     0 | D:1      | Arum the Formicid Fighter began the quest for the Orb.
     0 | D:1      | Reached XP level 1. HP: 18/18 MP: 1/1
   333 | D:1      | Reached XP level 2. HP: 24/24 MP: 2/2
   563 | D:1      | Reached XP level 3. HP: 30/30 MP: 3/3
  1021 | D:2      | Reached XP level 4. HP: 31/37 MP: 4/4
  1376 | D:2      | Reached XP level 5. HP: 27/42 MP: 5/5
  1645 | D:2      | Found an ornate altar of the Wu Jian Council.
  1964 | D:3      | Noticed Jessica
  1968 | D:3      | Killed Jessica
  1969 | D:3      | Reached skill level 4 in Fighting
  1969 | D:3      | Reached skill level 1 in Dodging
  2501 | D:3      | Reached XP level 6. HP: 48/48 MP: 6/6
  2842 | D:3      | Found a runed translucent door.
  2843 | D:3      | Noticed Crazy Yiuf
  2852 | D:3      | Killed Crazy Yiuf
  3478 | D:4      | Found a glowing golden altar of the Shining One.
  3674 | D:4      | Reached skill level 5 in Shields
  3674 | D:4      | Reached XP level 7. HP: 54/54 MP: 7/7
  3853 | D:5      | Entered Level 5 of the Dungeon
  3984 | D:5      | Found Notazon's Book Emporium.
  3999 | D:5      | Found a staircase to the Ecumenical Temple.
  5098 | D:6      | Reached skill level 5 in Armour
  5187 | D:6      | Reached skill level 5 in Fighting
  5187 | D:6      | Reached skill level 5 in Staves
  5203 | D:6      | Reached XP level 8. HP: 56/62 MP: 8/8
  5734 | Temple   | Entered the Ecumenical Temple
  5835 | Temple   | Became a worshipper of Warmaster Okawaru
  6297 | D:7      | Found a flagged portal.
  6305 | D:7      | Reached skill level 6 in Fighting
  6309 | Bailey   | Entered a bailey
  6394 | Bailey   | Reached * piety under Okawaru
  6402 | Bailey   | Gained mutation: You have an increased reservoir of magic.
                  | (+10% MP) [potion of mutation]
  6402 | Bailey   | Gained mutation: Armour fits poorly on your strangely
                  | shaped body. [potion of mutation]
  6402 | Bailey   | Lost mutation: Armour fits poorly on your strangely shaped
                  | body. [potion of mutation]
  6402 | Bailey   | Gained mutation: You have sharp toenails. [potion of
                  | mutation]
  6419 | Bailey   | Reached XP level 9. HP: 56/71 MP: 9/9
  6721 | Bailey   | Reached skill level 7 in Fighting
  6739 | Bailey   | Got a warped leather armour
  7484 | D:7      | Reached ** piety under Okawaru
  7511 | D:7      | Reached skill level 8 in Fighting
  8651 | D:7      | Reached XP level 10. HP: 80/80 MP: 11/11
  8995 | D:8      | Reached skill level 9 in Fighting
  9007 | D:8      | Reached *** piety under Okawaru
  9142 | D:8      | Noticed Maggie
  9152 | D:8      | Killed Maggie
  9153 | D:8      | Found a white marble altar of Elyvilon.
  9450 | D:8      | Found a glowing silver altar of Zin.
  9456 | D:8      | Found a white marble altar of Elyvilon.
  9456 | D:8      | Found a shimmering altar of Xom.
  9458 | D:8      | Found a shadowy altar of Dithmenos.
  9458 | D:8      | Found a stormy altar of Qazlal.
  9458 | D:8      | Found a shimmering altar of Xom.
  9525 | D:8      | Received a gift from Okawaru
  9836 | D:9      | Found a hazy altar of Hepliaklqana.
  9910 | D:9      | Reached skill level 10 in Fighting
 10007 | D:9      | Identified the +2 leather armour of Articulation {Dex+6}
                  | (You found it in a bailey)
 10040 | D:9      | Reached **** piety under Okawaru
 10112 | D:9      | Noticed Grum
 10132 | D:9      | Killed Grum
 10205 | D:9      | Reached XP level 11. HP: 76/91 MP: 12/12
 10350 | D:9      | Found a stormy altar of Qazlal.
 10441 | D:9      | Found a staircase to the Lair.
 10516 | D:9      | Found an iron altar of Okawaru.
 10798 | D:10     | Entered Level 10 of the Dungeon
 10805 | D:10     | Reached skill level 10 in Staves
 10850 | D:10     | Noticed a two-headed ogre
 10858 | D:10     | Killed a two-headed ogre
 10920 | D:10     | Reached ***** piety under Okawaru
 10921 | D:10     | Reached skill level 11 in Fighting
 10928 | D:10     | Received a gift from Okawaru
 10941 | D:10     | Got a distressingly furry scale mail {god gift}
 10953 | D:10     | Identified the +0 scale mail of Tovvaov {*Slow rCorr Slay-4
                  | Stlth+} (Okawaru gifted it to you on level 10 of the
                  | Dungeon)
 11252 | D:10     | Noticed a two-headed ogre
 11259 | D:10     | Killed a two-headed ogre
 11541 | D:11     | Noticed an unseen horror
 11584 | D:11     | Found a roughly hewn altar of Beogh.
 11636 | D:11     | Killed an unseen horror
 11737 | D:11     | Noticed a white ugly thing
 11740 | D:11     | Noticed a two-headed ogre
 11759 | D:11     | Killed a white ugly thing
 11760 | D:11     | Reached XP level 12. HP: 101/101 MP: 13/13
 11778 | D:11     | Killed a two-headed ogre
 12283 | D:11     | Noticed a two-headed ogre
 12290 | D:11     | Killed a two-headed ogre
 12291 | D:11     | Reached skill level 12 in Fighting
 13007 | D:12     | Noticed a sun demon
 13054 | D:12     | Found a staircase to the Orcish Mines.
 13072 | D:12     | Noticed a fire dragon
 13082 | D:12     | Killed a fire dragon
 13865 | D:13     | Reached skill level 10 in Armour
 14243 | D:13     | Noticed a centaur warrior
 14247 | D:13     | HP: 5/103 [very large slime creature (7)]
 14266 | D:13     | Killed a centaur warrior
 14268 | D:13     | Noticed a centaur warrior
 14272 | D:13     | Killed a centaur warrior
 14272 | D:13     | Received a gift from Okawaru
 14275 | D:13     | Reached ****** piety under Okawaru
 14290 | D:13     | Reached XP level 13. HP: 22/109 MP: 14/14
 14297 | D:13     | Reached skill level 13 in Fighting
 14618 | D:12     | Slain by a slime creature

Illustrated notes

Levels and vault maps discovered:
D:1:      denvon_arrival_planthouse, layout_basic
D:2:      layout_rooms, lemuel_round_altar, kennysheep_generic_room_16
D:3:      layout_basic, serial_bayou_ford_a, uniq_jessica,
          uniq_crazy_yiuf_cottage
D:4:      layout_cave_pods, tso_metal_star
D:5:      layout_gridville, temple_pool_b, serial_shops, nicolae_shop_trees,
          minmay_fire_ice_demons
D:6:      layout_basic, serial_corexii_hall, chequers_hall_statues_wall_a,
          corexii_hall_statues_u
D:7:      layout_layer_cave, enter_bailey_6, nrook_loot_triangle
D:8:      layout_loops_cross, doesnt_xom_only_xom,
          nicolae_overflow_crystal_walls, uniq_maggie
D:9:      layout_loops_corners, nicolae_qazlal_style_of_elements,
          nzn_hepliaklqana_mist_gate, grunt_lair_entry_orc_guard_hut,
          kennysheep_okawaru_gauntlet, uniq_grum
D:10:     layout_long_grid
D:11:     layout_basic, david_defended_altar_orc
D:12:     layout_basic, david_orc_3
D:13:     layout_rooms, gammafunk_ghost_crypt
Temple:   minmay_temple_bridge_d

Skill      XL: |  1  2  3  4  5  6  7  8  9 10 11 12 13 |
---------------+----------------------------------------+-----
Shields        | 4 5 7 9 |  9.0
Armour         | 4 5 6 8 10 | 10.9
Fighting       | 4 5 6 8 10 11 12 13 | 13.2
Dodging        | 1 |  1.8
Staves         | 3 4 5 6 7 9 10 12 | 12.3
Stealth        | |  0.2

Action                   |  1- 3 |  4- 6 |  7- 9 | 10-12 | 13-15 || total
-------------------------+-------+-------+-------+-------+-------++-------
Melee: Quarterstaff      |    96 |   241 |   325 |   575 |    54 ||  1291
       Kick              |       |       |    37 |    89 |       ||   126
Throw: Throwing net      |       |       |       |     3 |       ||     3
Invok: Heroism           |       |       |     2 |     3 |     1 ||     6
       Finesse           |       |       |       |     1 |       ||     1
 Abil: Dig               |       |     4 |     1 |     3 |       ||     8
Evoke: Wand              |       |       |       |     8 |       ||     8
  Use: Potion            |       |       |    13 |     3 |     2 ||    18
       Scroll            |       |       |    11 |     4 |       ||    15
 Stab: Paralysed         |       |       |     1 |    19 |       ||    20
       Invisible         |       |       |     2 |       |       ||     2
       Confused          |       |       |       |     2 |     1 ||     3
       Petrifying        |       |       |       |     2 |       ||     2
       Held in net/web   |       |       |       |     2 |       ||     2
       Petrified         |       |       |       |     1 |       ||     1
Armor: Scale mail        |    45 |   100 |    98 |    11 |       ||   254
       Skin              |       |       |     5 |       |       ||     5
       Swamp dragon scal |       |       |       |    69 |    12 ||    81
Dodge: Dodged            |    32 |    91 |   107 |   112 |    11 ||   353
Block: Kite shield       |    60 |   133 |   306 |   385 |    29 ||   913
       Reflection        |       |       |    11 |    18 |       ||    29
